 Dungeon Crawl Stone Soup version 0.29-a0-284-gf9362112df (webtiles) character file.

Game seed: 7502678955706075358

231 sylnyx the Skirmisher (level 6, -5/56 HPs)
             Began as a Hill Orc Monk on Mar 23, 2022.
             Was an Initiate of Gozag.
             Killed by divine providence
             ... invoked by an orc priest
              (10 damage)
             ... on level 4 of the Dungeon.
             The game lasted 00:07:14 (3606 turns).

sylnyx the Skirmisher (Hill Orc Monk)               Turns: 3606, Time: 00:07:15

Health: -5/56      AC: 11    Str: 16    XL:     6   Next: 4%
Magic:  6/6        EV:  5    Int: 10    God:    Gozag
Gold:   172        SH:  0    Dex: 13    Spells: 5/5 levels left

rFire   . . .      SeeInvis .   g - +1 short sword (elec)
rCold   . . .      Faith    .   (no shield)
rNeg    . . .      Spirit   .   s - +0 plate armour
rPois   .          Reflect  .   (no helmet)
rElec   .          Harm     .   (no cloak)
rCorr   .          Rampage  .   (no gloves)
Will    .....                   d - +0 pair of boots
Stlth   ..........              (no amulet)
HPRegen 0.18/turn               (no ring)
MPRegen 0.10/turn               (no ring)

@: confused
A: no striking features
a: Renounce Religion, Convert to Beogh, Potion Petition, Call Merchant, Bribe
Branch


You were on level 4 of the Dungeon.
You worshipped Gozag.
Gozag was aware of your devotion.
You visited 1 branch of the dungeon, and saw 4 of its levels.

You collected 172 gold pieces.

Inventory:

Hand Weapons
 a - a +0 hand axe
 f - a +0 spear of freezing
 g - a +1 short sword of electrocution (weapon)
Armour
 b - a +0 robe
 d - a +0 pair of boots (worn)
 s - a +0 plate armour (worn)
Jewellery
 n - an amulet of guardian spirit
Scrolls
 e - a scroll of acquirement {unknown}
 k - 4 scrolls of magic mapping {unknown}
 o - 2 scrolls of torment {unknown}
 q - a scroll of fear {unknown}
 t - a scroll of silence {unknown}
 u - a scroll of summoning {unknown}
 v - a scroll of brand weapon {unknown}
 w - 2 scrolls of identify {unknown}
 y - a scroll of holy word {unknown}
Potions
 c - a potion of ambrosia
 h - a potion of lignification {unknown}
 i - 2 potions of attraction {unknown}
 j - a potion of degeneration {unknown}
 l - a potion of mutation {unknown}
 m - a potion of brilliance {unknown}
 p - a potion of flight {unknown}
 r - a potion of might {unknown}
 x - a potion of heal wounds {unknown}


   Skills:
 + Level 5.0 Fighting
 + Level 2.5 Short Blades
 + Level 4.8 Axes
 + Level 1.0 Armour
 + Level 3.2 Dodging
 + Level 2.3 Stealth


You had 5 spell levels left.
You didn't know any spells.
Your spell library contained the following spells:

 Spells                   Type           Power      Damage    Failure   Level
 Freeze                   Ice            0%         1d3       100%        1


Dungeon Overview and Level Annotations

Branches:
Dungeon (4/15)
 Temple: D:4-7

Altars:
Gozag


Message History

Lightning courses through the orc priest!!
You kill the orc priest!
The orc hits you but does no damage.
The orc priest hits you but does no damage.
Something hits you but does no damage.
Your Fighting skill increases to level 5!
Your Armour skill increases to level 1!
You have reached level 6!
You hit the orc priest.
The orc priest is moderately wounded.
A wyvern comes into view.
The orc hits you but does no damage. The orc priest hits you with a +0 mace.
Something hits you but does no damage.
The wyvern hisses angrily.
You hit the orc priest but do no damage.
The orc priest is moderately wounded.
The orc hits you but does no damage.
The orc priest hits you but does no damage.
Something hits you.
The orc priest threatens, "By the altar or by the axe, you will meet Beogh!"
You hear some strange, mumbled words.
You are confused.
The orc attacks as you move away! The orc hits you but does no damage.
You miss the wyvern. The wyvern barely misses you.
The orc hits you but does no damage.
The orc priest hits you but does no damage.
The wyvern bites you but does no damage.
The orc priest shouts, "Beogh is our master!
Accept the truth or die!"
You bump into the rock wall.
The wyvern bites you!
* * * LOW HITPOINT WARNING * * *
The orc hits you with a +0 mace.
* * * LOW HITPOINT WARNING * * *
The orc priest hits you but does no damage.
You hit the wyvern but do no damage. The wyvern bites you.
* * * LOW HITPOINT WARNING * * *
The orc hits you but does no damage.
The orc priest calls down the wrath of Beogh upon you.
Beogh smites you!
You die...
Your body crumbles into a pile of gold.

#. . #. ###.##
.. ##.....## ...
#.......#####[..
#.$K..#....
##oo.......
##@l.##...
##..## ##..## ##
##..## #.#
##.###
#..####.##
#..#...# #....##
#...##


You could see a wyvern, an orc priest, an orc and a kobold.

Vanquished Creatures
  A phantom (D:3)
  An orc priest (D:4)
  Terence (D:2)
  4 adders
  A worm (D:2)
  2 dart slugs
  An orc (D:4)
  4 ball pythons
  8 endoplasms
  2 giant cockroaches
  7 goblins
  6 hobgoblins
  5 jackals (D:3)
  6 bats
  A frilled lizard (D:1)
  6 kobolds
  2 rats
58 creatures vanquished.

Notes
Turn   | Place    | Note
-------+----------+-------------------------------------------
     0 | D:1      | sylnyx the Hill Orc Monk began the quest for the Orb.
     0 | D:1      | Reached XP level 1. HP: 19/19 MP: 1/1
   369 | D:1      | Reached XP level 2. HP: 22/27 MP: 2/2
   529 | D:1      | Reached skill level 4 in Fighting
  1088 | D:1      | Reached XP level 3. HP: 11/33 MP: 3/3
  1798 | D:2      | Noticed Terence
  1812 | D:2      | Killed Terence
  1813 | D:2      | Reached skill level 1 in Short Blades
  1813 | D:2      | Reached XP level 4. HP: 22/41 MP: 4/4
  2783 | D:3      | Noticed a phantom
  2822 | D:3      | Killed a phantom
  2823 | D:3      | Reached XP level 5. HP: 44/47 MP: 5/5
  3089 | D:3      | Found a faded altar of an unknown god.
  3097 | D:3      | Got Plato's Almanac of the Frostbite
  3486 | D:3      | Prayed at the altar of an unknown god.
  3486 | D:3      | Became a worshipper of Gozag Ym Sagoz the Greedy
  3600 | D:4      | Reached skill level 5 in Fighting
  3600 | D:4      | Reached skill level 1 in Armour
  3600 | D:4      | Reached XP level 6. HP: 27/56 MP: 6/6
  3600 | D:4      | Noticed a wyvern
  3606 | D:4      | Killed from afar by an orc priest

Illustrated notes

Levels and vault maps discovered:
D:1:      nagdon_arrival_double_spiral, layout_basic
D:2:      layout_rooms, minmay_unequal, uniq_terence, uniq_crazy_yiuf_cottage
D:3:      layout_loops_corners, shapermc_ecumenical_altar_rom_forum,
          kennysheep_donut, minmay_misc_feat_x
D:4:      layout_layer_cave, uniq_natasha, uniq_robin, uniq_edmund

Skill      XL: |  1  2  3  4  5 |
---------------+----------------+-----
Fighting       | 4 5 |  5.0
Short Blades   | 1 2 |  2.5
Stealth        | 2 |  2.3
Dodging        | 3 |  3.2
Armour         | 1 |  1.0
Axes           | |  4.8

Action                   |  1- 3 |  4- 6 || total
-------------------------+-------+-------++-------
Melee: Hand axe          |    29 |       ||    29
       Short sword       |    69 |    99 ||   168
       Spear             |     7 |       ||     7
       Punch             |     1 |     1 ||     2
 Stab: Sleeping          |     2 |       ||     2
Armor: Robe              |    23 |    12 ||    35
       Plate armour      |       |    72 ||    72
Dodge: Dodged            |    66 |    41 ||   107

Table legend: (Time is in decaauts)
 A = Elapsed time spent in this place.
 B = Non-inter-level travel time spent in this place.
 C = Inter-level travel time spent in this place.
 D = Time resting spent in this place.
 E = Time spent auto-exploring this place.
 F = Levels seen in this place.
 G = Mean time per level.
                   A        B        C        D        E       F      G
               +--------+--------+--------+--------+--------+-----+--------+
         Total |   3614 |   3455 |    159 |    933 |   1939 |   4 |  903.5 |
       Dungeon |   3614 |   3455 |    159 |    933 |   1939 |   4 |  903.5 |
               +--------+--------+--------+--------+--------+-----+--------+

Top non-repeatable levels by time:
     D:1: 1633 daAuts
     D:3: 990 daAuts
     D:2: 899 daAuts
     D:4: 91 daAuts
